%YAML 1.1
%TAG !u! tag:unity3d.com,2011:
--- !u!1 &5249203662391196686
GameObject:
  m_ObjectHideFlags: 0
  m_CorrespondingSourceObject: {fileID: 0}
  m_PrefabInstance: {fileID: 0}
  m_PrefabAsset: {fileID: 0}
  serializedVersion: 6
  m_Component:
  - component: {fileID: 713382578276227343}
  - component: {fileID: 5763305846970967918}
  m_Layer: 0
  m_Name: CorridorShort
  m_TagString: Untagged
  m_Icon: {fileID: 0}
  m_NavMeshLayer: 0
  m_StaticEditorFlags: 0
  m_IsActive: 1
--- !u!4 &713382578276227343
Transform:
  m_ObjectHideFlags: 0
  m_CorrespondingSourceObject: {fileID: 0}
  m_PrefabInstance: {fileID: 0}
  m_PrefabAsset: {fileID: 0}
  m_GameObject: {fileID: 5249203662391196686}
  m_LocalRotation: {x: 0, y: 0, z: 0, w: 1}
  m_LocalPosition: {x: 0, y: 0, z: 0}
  m_LocalScale: {x: 1, y: 1, z: 1}
  m_Children:
  - {fileID: 379609872717731757}
  - {fileID: 2224171851962449563}
  - {fileID: 7244002713016379604}
  - {fileID: 2089608272778671553}
  - {fileID: 6570112691416788173}
  m_Father: {fileID: 0}
  m_RootOrder: 0
  m_LocalEulerAnglesHint: {x: 0, y: 0, z: 0}
--- !u!114 &5763305846970967918
MonoBehaviour:
  m_ObjectHideFlags: 0
  m_CorrespondingSourceObject: {fileID: 0}
  m_PrefabInstance: {fileID: 0}
  m_PrefabAsset: {fileID: 0}
  m_GameObject: {fileID: 5249203662391196686}
  m_Enabled: 1
  m_EditorHideFlags: 0
  m_Script: {fileID: 11500000, guid: 3191281a11ba8ae4eab8e4397d1d89a7, type: 3}
  m_Name: 
  m_EditorClassIdentifier: 
  connectors:
  - {fileID: 422536980083279465}
  - {fileID: 9189350607234715686}
  meshCollider: {fileID: 781773345822738944}
  possibleSpawnPoints:
  - {fileID: 4169601838695647010}
  - {fileID: 9083509545323159086}
  navMeshSurface: {fileID: 5199011225810524277}
--- !u!1 &5808376563004459108
GameObject:
  m_ObjectHideFlags: 0
  m_CorrespondingSourceObject: {fileID: 0}
  m_PrefabInstance: {fileID: 0}
  m_PrefabAsset: {fileID: 0}
  serializedVersion: 6
  m_Component:
  - component: {fileID: 379609872717731757}
  - component: {fileID: 4212355213505879395}
  - component: {fileID: 6698417978957421744}
  - component: {fileID: 781773345822738944}
  - component: {fileID: 5199011225810524277}
  m_Layer: 9
  m_Name: Mesh
  m_TagString: Untagged
  m_Icon: {fileID: 0}
  m_NavMeshLayer: 0
  m_StaticEditorFlags: 0
  m_IsActive: 1
--- !u!4 &379609872717731757
Transform:
  m_ObjectHideFlags: 0
  m_CorrespondingSourceObject: {fileID: 0}
  m_PrefabInstance: {fileID: 0}
  m_PrefabAsset: {fileID: 0}
  m_GameObject: {fileID: 5808376563004459108}
  m_LocalRotation: {x: -0, y: -0, z: -0, w: 1}
  m_LocalPosition: {x: 0, y: 0, z: 0}
  m_LocalScale: {x: 1, y: 1, z: 1}
  m_Children: []
  m_Father: {fileID: 713382578276227343}
  m_RootOrder: 0
  m_LocalEulerAnglesHint: {x: 0, y: 0, z: 0}
--- !u!33 &4212355213505879395
MeshFilter:
  m_ObjectHideFlags: 0
  m_CorrespondingSourceObject: {fileID: 0}
  m_PrefabInstance: {fileID: 0}
  m_PrefabAsset: {fileID: 0}
  m_GameObject: {fileID: 5808376563004459108}
  m_Mesh: {fileID: 4300000, guid: 7a902b9b28b8dd741ade2326e52c380a, type: 2}
--- !u!23 &6698417978957421744
MeshRenderer:
  m_ObjectHideFlags: 0
  m_CorrespondingSourceObject: {fileID: 0}
  m_PrefabInstance: {fileID: 0}
  m_PrefabAsset: {fileID: 0}
  m_GameObject: {fileID: 5808376563004459108}
  m_Enabled: 1
  m_CastShadows: 1
  m_ReceiveShadows: 1
  m_DynamicOccludee: 1
  m_MotionVectors: 1
  m_LightProbeUsage: 1
  m_ReflectionProbeUsage: 1
  m_RayTracingMode: 2
  m_RenderingLayerMask: 1
  m_RendererPriority: 0
  m_Materials:
  - {fileID: 2100000, guid: eb689f86740c72946a20ea293182961b, type: 2}
  - {fileID: 2100000, guid: 2d7c1c1ab5252404a8b82f70578bf1dd, type: 2}
  m_StaticBatchInfo:
    firstSubMesh: 0
    subMeshCount: 0
  m_StaticBatchRoot: {fileID: 0}
  m_ProbeAnchor: {fileID: 0}
  m_LightProbeVolumeOverride: {fileID: 0}
  m_ScaleInLightmap: 1
  m_ReceiveGI: 1
  m_PreserveUVs: 0
  m_IgnoreNormalsForChartDetection: 0
  m_ImportantGI: 0
  m_StitchLightmapSeams: 1
  m_SelectedEditorRenderState: 2
  m_MinimumChartSize: 4
  m_AutoUVMaxDistance: 0.5
  m_AutoUVMaxAngle: 89
  m_LightmapParameters: {fileID: 0}
  m_SortingLayerID: 0
  m_SortingLayer: 0
  m_SortingOrder: 0
--- !u!64 &781773345822738944
MeshCollider:
  m_ObjectHideFlags: 0
  m_CorrespondingSourceObject: {fileID: 0}
  m_PrefabInstance: {fileID: 0}
  m_PrefabAsset: {fileID: 0}
  m_GameObject: {fileID: 5808376563004459108}
  m_Material: {fileID: 0}
  m_IsTrigger: 0
  m_Enabled: 1
  serializedVersion: 4
  m_Convex: 0
  m_CookingOptions: 30
  m_Mesh: {fileID: 4300000, guid: 7a902b9b28b8dd741ade2326e52c380a, type: 2}
--- !u!114 &5199011225810524277
MonoBehaviour:
  m_ObjectHideFlags: 0
  m_CorrespondingSourceObject: {fileID: 0}
  m_PrefabInstance: {fileID: 0}
  m_PrefabAsset: {fileID: 0}
  m_GameObject: {fileID: 5808376563004459108}
  m_Enabled: 1
  m_EditorHideFlags: 0
  m_Script: {fileID: 11500000, guid: 7a5ac11cc976e418e8d13136b07e1f52, type: 3}
  m_Name: 
  m_EditorClassIdentifier: 
  m_AgentTypeID: 0
  m_CollectObjects: 0
  m_Size: {x: 10, y: 10, z: 10}
  m_Center: {x: 0, y: 2, z: 0}
  m_LayerMask:
    serializedVersion: 2
    m_Bits: 4294967295
  m_UseGeometry: 0
  m_DefaultArea: 0
  m_IgnoreNavMeshAgent: 1
  m_IgnoreNavMeshObstacle: 1
  m_OverrideTileSize: 0
  m_TileSize: 256
  m_OverrideVoxelSize: 0
  m_VoxelSize: 0.16666667
  m_BuildHeightMesh: 0
  m_NavMeshData: {fileID: 0}
--- !u!1001 &1347481104661581729
PrefabInstance:
  m_ObjectHideFlags: 0
  serializedVersion: 2
  m_Modification:
    m_TransformParent: {fileID: 713382578276227343}
    m_Modifications:
    - target: {fileID: 1030463722580556384, guid: f7416b84ebad2094397d96a9fa784bad,
        type: 3}
      propertyPath: m_LocalPosition.x
      value: -1.6555994
      objectReference: {fileID: 0}
    - target: {fileID: 1030463722580556384, guid: f7416b84ebad2094397d96a9fa784bad,
        type: 3}
      propertyPath: m_LocalPosition.y
      value: 11
      objectReference: {fileID: 0}
    - target: {fileID: 1030463722580556384, guid: f7416b84ebad2094397d96a9fa784bad,
        type: 3}
      propertyPath: m_LocalPosition.z
      value: -3.1496499
      objectReference: {fileID: 0}
    - target: {fileID: 1030463722580556384, guid: f7416b84ebad2094397d96a9fa784bad,
        type: 3}
      propertyPath: m_LocalRotation.x
      value: -0
      objectReference: {fileID: 0}
    - target: {fileID: 1030463722580556384, guid: f7416b84ebad2094397d96a9fa784bad,
        type: 3}
      propertyPath: m_LocalRotation.y
      value: -0
      objectReference: {fileID: 0}
    - target: {fileID: 1030463722580556384, guid: f7416b84ebad2094397d96a9fa784bad,
        type: 3}
      propertyPath: m_LocalRotation.z
      value: -0
      objectReference: {fileID: 0}
    - target: {fileID: 1030463722580556384, guid: f7416b84ebad2094397d96a9fa784bad,
        type: 3}
      propertyPath: m_LocalRotation.w
      value: 1
      objectReference: {fileID: 0}
    - target: {fileID: 1030463722580556384, guid: f7416b84ebad2094397d96a9fa784bad,
        type: 3}
      propertyPath: m_RootOrder
      value: 3
      objectReference: {fileID: 0}
    - target: {fileID: 1030463722580556384, guid: f7416b84ebad2094397d96a9fa784bad,
        type: 3}
      propertyPath: m_LocalEulerAnglesHint.x
      value: 0
      objectReference: {fileID: 0}
    - target: {fileID: 1030463722580556384, guid: f7416b84ebad2094397d96a9fa784bad,
        type: 3}
      propertyPath: m_LocalEulerAnglesHint.y
      value: 0
      objectReference: {fileID: 0}
    - target: {fileID: 1030463722580556384, guid: f7416b84ebad2094397d96a9fa784bad,
        type: 3}
      propertyPath: m_LocalEulerAnglesHint.z
      value: 0
      objectReference: {fileID: 0}
    - target: {fileID: 4462683917407377030, guid: f7416b84ebad2094397d96a9fa784bad,
        type: 3}
      propertyPath: m_Name
      value: SpawnPoint
      objectReference: {fileID: 0}
    m_RemovedComponents: []
  m_SourcePrefab: {fileID: 100100000, guid: f7416b84ebad2094397d96a9fa784bad, type: 3}
--- !u!4 &2089608272778671553 stripped
Transform:
  m_CorrespondingSourceObject: {fileID: 1030463722580556384, guid: f7416b84ebad2094397d96a9fa784bad,
    type: 3}
  m_PrefabInstance: {fileID: 1347481104661581729}
  m_PrefabAsset: {fileID: 0}
--- !u!114 &4169601838695647010 stripped
MonoBehaviour:
  m_CorrespondingSourceObject: {fileID: 3129526936861313155, guid: f7416b84ebad2094397d96a9fa784bad,
    type: 3}
  m_PrefabInstance: {fileID: 1347481104661581729}
  m_PrefabAsset: {fileID: 0}
  m_GameObject: {fileID: 0}
  m_Enabled: 1
  m_EditorHideFlags: 0
  m_Script: {fileID: 11500000, guid: 930adcbe15492d947a0be8f2432bccb4, type: 3}
  m_Name: 
  m_EditorClassIdentifier: 
--- !u!1001 &2052431048831249474
PrefabInstance:
  m_ObjectHideFlags: 0
  serializedVersion: 2
  m_Modification:
    m_TransformParent: {fileID: 713382578276227343}
    m_Modifications:
    - target: {fileID: 190958411095298777, guid: a67b29217e4357d4f95837102800c959,
        type: 3}
      propertyPath: m_LocalPosition.x
      value: 0
      objectReference: {fileID: 0}
    - target: {fileID: 190958411095298777, guid: a67b29217e4357d4f95837102800c959,
        type: 3}
      propertyPath: m_LocalPosition.y
      value: 11
      objectReference: {fileID: 0}
    - target: {fileID: 190958411095298777, guid: a67b29217e4357d4f95837102800c959,
        type: 3}
      propertyPath: m_LocalPosition.z
      value: -5
      objectReference: {fileID: 0}
    - target: {fileID: 190958411095298777, guid: a67b29217e4357d4f95837102800c959,
        type: 3}
      propertyPath: m_LocalRotation.x
      value: 0
      objectReference: {fileID: 0}
    - target: {fileID: 190958411095298777, guid: a67b29217e4357d4f95837102800c959,
        type: 3}
      propertyPath: m_LocalRotation.y
      value: 0.7071068
      objectReference: {fileID: 0}
    - target: {fileID: 190958411095298777, guid: a67b29217e4357d4f95837102800c959,
        type: 3}
      propertyPath: m_LocalRotation.z
      value: 0
      objectReference: {fileID: 0}
    - target: {fileID: 190958411095298777, guid: a67b29217e4357d4f95837102800c959,
        type: 3}
      propertyPath: m_LocalRotation.w
      value: 0.7071068
      objectReference: {fileID: 0}
    - target: {fileID: 190958411095298777, guid: a67b29217e4357d4f95837102800c959,
        type: 3}
      propertyPath: m_RootOrder
      value: 1
      objectReference: {fileID: 0}
    - target: {fileID: 190958411095298777, guid: a67b29217e4357d4f95837102800c959,
        type: 3}
      propertyPath: m_LocalEulerAnglesHint.x
      value: 0
      objectReference: {fileID: 0}
    - target: {fileID: 190958411095298777, guid: a67b29217e4357d4f95837102800c959,
        type: 3}
      propertyPath: m_LocalEulerAnglesHint.y
      value: 90
      objectReference: {fileID: 0}
    - target: {fileID: 190958411095298777, guid: a67b29217e4357d4f95837102800c959,
        type: 3}
      propertyPath: m_LocalEulerAnglesHint.z
      value: 0
      objectReference: {fileID: 0}
    - target: {fileID: 8799338472655365692, guid: a67b29217e4357d4f95837102800c959,
        type: 3}
      propertyPath: m_Name
      value: TileConnector 1
      objectReference: {fileID: 0}
    m_RemovedComponents: []
  m_SourcePrefab: {fileID: 100100000, guid: a67b29217e4357d4f95837102800c959, type: 3}
--- !u!4 &2224171851962449563 stripped
Transform:
  m_CorrespondingSourceObject: {fileID: 190958411095298777, guid: a67b29217e4357d4f95837102800c959,
    type: 3}
  m_PrefabInstance: {fileID: 2052431048831249474}
  m_PrefabAsset: {fileID: 0}
--- !u!114 &422536980083279465 stripped
MonoBehaviour:
  m_CorrespondingSourceObject: {fileID: 1848327489995483691, guid: a67b29217e4357d4f95837102800c959,
    type: 3}
  m_PrefabInstance: {fileID: 2052431048831249474}
  m_PrefabAsset: {fileID: 0}
  m_GameObject: {fileID: 0}
  m_Enabled: 1
  m_EditorHideFlags: 0
  m_Script: {fileID: 11500000, guid: d249b17286d670948b585016cfe77a97, type: 3}
  m_Name: 
  m_EditorClassIdentifier: 
--- !u!1001 &6152282013295040173
PrefabInstance:
  m_ObjectHideFlags: 0
  serializedVersion: 2
  m_Modification:
    m_TransformParent: {fileID: 713382578276227343}
    m_Modifications:
    - target: {fileID: 1030463722580556384, guid: f7416b84ebad2094397d96a9fa784bad,
        type: 3}
      propertyPath: m_LocalPosition.x
      value: -8.454729
      objectReference: {fileID: 0}
    - target: {fileID: 1030463722580556384, guid: f7416b84ebad2094397d96a9fa784bad,
        type: 3}
      propertyPath: m_LocalPosition.y
      value: 11
      objectReference: {fileID: 0}
    - target: {fileID: 1030463722580556384, guid: f7416b84ebad2094397d96a9fa784bad,
        type: 3}
      propertyPath: m_LocalPosition.z
      value: -6.781129
      objectReference: {fileID: 0}
    - target: {fileID: 1030463722580556384, guid: f7416b84ebad2094397d96a9fa784bad,
        type: 3}
      propertyPath: m_LocalRotation.x
      value: -0
      objectReference: {fileID: 0}
    - target: {fileID: 1030463722580556384, guid: f7416b84ebad2094397d96a9fa784bad,
        type: 3}
      propertyPath: m_LocalRotation.y
      value: -0
      objectReference: {fileID: 0}
    - target: {fileID: 1030463722580556384, guid: f7416b84ebad2094397d96a9fa784bad,
        type: 3}
      propertyPath: m_LocalRotation.z
      value: -0
      objectReference: {fileID: 0}
    - target: {fileID: 1030463722580556384, guid: f7416b84ebad2094397d96a9fa784bad,
        type: 3}
      propertyPath: m_LocalRotation.w
      value: 1
      objectReference: {fileID: 0}
    - target: {fileID: 1030463722580556384, guid: f7416b84ebad2094397d96a9fa784bad,
        type: 3}
      propertyPath: m_RootOrder
      value: 4
      objectReference: {fileID: 0}
    - target: {fileID: 1030463722580556384, guid: f7416b84ebad2094397d96a9fa784bad,
        type: 3}
      propertyPath: m_LocalEulerAnglesHint.x
      value: 0
      objectReference: {fileID: 0}
    - target: {fileID: 1030463722580556384, guid: f7416b84ebad2094397d96a9fa784bad,
        type: 3}
      propertyPath: m_LocalEulerAnglesHint.y
      value: 0
      objectReference: {fileID: 0}
    - target: {fileID: 1030463722580556384, guid: f7416b84ebad2094397d96a9fa784bad,
        type: 3}
      propertyPath: m_LocalEulerAnglesHint.z
      value: 0
      objectReference: {fileID: 0}
    - target: {fileID: 4462683917407377030, guid: f7416b84ebad2094397d96a9fa784bad,
        type: 3}
      propertyPath: m_Name
      value: SpawnPoint (1)
      objectReference: {fileID: 0}
    m_RemovedComponents: []
  m_SourcePrefab: {fileID: 100100000, guid: f7416b84ebad2094397d96a9fa784bad, type: 3}
--- !u!4 &6570112691416788173 stripped
Transform:
  m_CorrespondingSourceObject: {fileID: 1030463722580556384, guid: f7416b84ebad2094397d96a9fa784bad,
    type: 3}
  m_PrefabInstance: {fileID: 6152282013295040173}
  m_PrefabAsset: {fileID: 0}
--- !u!114 &9083509545323159086 stripped
MonoBehaviour:
  m_CorrespondingSourceObject: {fileID: 3129526936861313155, guid: f7416b84ebad2094397d96a9fa784bad,
    type: 3}
  m_PrefabInstance: {fileID: 6152282013295040173}
  m_PrefabAsset: {fileID: 0}
  m_GameObject: {fileID: 0}
  m_Enabled: 1
  m_EditorHideFlags: 0
  m_Script: {fileID: 11500000, guid: 930adcbe15492d947a0be8f2432bccb4, type: 3}
  m_Name: 
  m_EditorClassIdentifier: 
--- !u!1001 &7359363100350085645
PrefabInstance:
  m_ObjectHideFlags: 0
  serializedVersion: 2
  m_Modification:
    m_TransformParent: {fileID: 713382578276227343}
    m_Modifications:
    - target: {fileID: 190958411095298777, guid: a67b29217e4357d4f95837102800c959,
        type: 3}
      propertyPath: m_LocalPosition.x
      value: -10
      objectReference: {fileID: 0}
    - target: {fileID: 190958411095298777, guid: a67b29217e4357d4f95837102800c959,
        type: 3}
      propertyPath: m_LocalPosition.y
      value: 11
      objectReference: {fileID: 0}
    - target: {fileID: 190958411095298777, guid: a67b29217e4357d4f95837102800c959,
        type: 3}
      propertyPath: m_LocalPosition.z
      value: -5
      objectReference: {fileID: 0}
    - target: {fileID: 190958411095298777, guid: a67b29217e4357d4f95837102800c959,
        type: 3}
      propertyPath: m_LocalRotation.x
      value: 0
      objectReference: {fileID: 0}
    - target: {fileID: 190958411095298777, guid: a67b29217e4357d4f95837102800c959,
        type: 3}
      propertyPath: m_LocalRotation.y
      value: 0.7071068
      objectReference: {fileID: 0}
    - target: {fileID: 190958411095298777, guid: a67b29217e4357d4f95837102800c959,
        type: 3}
      propertyPath: m_LocalRotation.z
      value: -0
      objectReference: {fileID: 0}
    - target: {fileID: 190958411095298777, guid: a67b29217e4357d4f95837102800c959,
        type: 3}
      propertyPath: m_LocalRotation.w
      value: -0.7071068
      objectReference: {fileID: 0}
    - target: {fileID: 190958411095298777, guid: a67b29217e4357d4f95837102800c959,
        type: 3}
      propertyPath: m_RootOrder
      value: 2
      objectReference: {fileID: 0}
    - target: {fileID: 190958411095298777, guid: a67b29217e4357d4f95837102800c959,
        type: 3}
      propertyPath: m_LocalEulerAnglesHint.x
      value: 0
      objectReference: {fileID: 0}
    - target: {fileID: 190958411095298777, guid: a67b29217e4357d4f95837102800c959,
        type: 3}
      propertyPath: m_LocalEulerAnglesHint.y
      value: 270
      objectReference: {fileID: 0}
    - target: {fileID: 190958411095298777, guid: a67b29217e4357d4f95837102800c959,
        type: 3}
      propertyPath: m_LocalEulerAnglesHint.z
      value: 0
      objectReference: {fileID: 0}
    - target: {fileID: 8799338472655365692, guid: a67b29217e4357d4f95837102800c959,
        type: 3}
      propertyPath: m_Name
      value: TileConnector 2
      objectReference: {fileID: 0}
    m_RemovedComponents: []
  m_SourcePrefab: {fileID: 100100000, guid: a67b29217e4357d4f95837102800c959, type: 3}
--- !u!4 &7244002713016379604 stripped
Transform:
  m_CorrespondingSourceObject: {fileID: 190958411095298777, guid: a67b29217e4357d4f95837102800c959,
    type: 3}
  m_PrefabInstance: {fileID: 7359363100350085645}
  m_PrefabAsset: {fileID: 0}
--- !u!114 &9189350607234715686 stripped
MonoBehaviour:
  m_CorrespondingSourceObject: {fileID: 1848327489995483691, guid: a67b29217e4357d4f95837102800c959,
    type: 3}
  m_PrefabInstance: {fileID: 7359363100350085645}
  m_PrefabAsset: {fileID: 0}
  m_GameObject: {fileID: 0}
  m_Enabled: 1
  m_EditorHideFlags: 0
  m_Script: {fileID: 11500000, guid: d249b17286d670948b585016cfe77a97, type: 3}
  m_Name: 
  m_EditorClassIdentifier: 
